 Dungeon Sprint DCSS version 0.31-a0-703-gcfe89afef6 (webtiles) character file.

Game seed: 15122105988201354373

236 sircluck the Ruffian (level 5, -5/91 HPs)
             Began as a Troll Berserker on Sept 8, 2023.
             Was a Follower of Trog.
             Slain by a two-headed ogre
             ... wielding a +0 giant club
              (10 damage)
             ... in the Dungeon (Sprint VII: "The Pits").
             The game lasted 00:00:13 (26 turns).

sircluck the Ruffian (Troll Berserker)                Turns: 26, Time: 00:00:13

Health: -5/91      AC:  4    Str: 27    XL:     5   Next: 77%
Magic:  4/4        EV: 11    Int:  3    God:    Trog [*.....]
Gold:   0          SH:  0    Dex:  9    Spells: 4/4 levels left

rFire   . .          .
                       - Unarmed
rCold   . . .        (no shield)
rNeg    . . .        a - +0 animal skin
rPois   .            (helmet restricted)
rElec   .            (no cloak)
rCorr   .            (gloves unavailable)
SInv    .            (boots unavailable)
Will    .....        (no amulet) Stlth
                     (no ring)
HPRegen 1.15/turn    (no ring)
MPRegen 0.09/turn

%: no teleportation
@: berserking (expiring), very quick
A: large, unfitting armour, claws 3, regeneration 1, shaggy fur 1, tough skin 1
a: Renounce Religion, Berserk


You were in the Dungeon.
You worshipped Trog.
Trog was aware of your devotion.
You visited 1 branch

Inventory:

Armour
 a - a +0 animal skin (worn)
Scrolls
 g - a scroll of blinking
Potions
 b - a potion of curing
 c - a potion of heal wounds
 d - a potion of haste
 e - 2 potions of magic
 f - a potion of berserk rage


   Skills:
 + Level 6.3 Fighting
 + Level 6.2 Dodging
 + Level 7.5 Unarmed Combat


You had 4 spell levels left.
You didn't know any spells.
Your spell library was empty.

Dungeon Overview and Level Annotations

Branches:
Dungeon (1/1)

Altars:


Innate Abilities, Weirdness & Mutations

You are too large for most types of armour.
You have claws for hands.
Your natural rate of healing is unusually fast.
You are covered in fur. (AC +1)
You have tough skin. (AC +1)


Message History

You barely miss the komodo dragon.
The komodo dragon is moderately wounded.
The two-headed ogre barely misses you.
The two-headed ogre hits you with a +0 giant club.
* * * LOW HITPOINT WARNING * * *
The komodo dragon barely misses you.
You claw the komodo dragon!
The komodo dragon is heavily wounded.
The komodo dragon misses you.
You mangle the komodo dragon!!
The komodo dragon is almost dead.
The two-headed ogre hits you with a +0 giant club.
* * * LOW HITPOINT WARNING * * *
The two-headed ogre barely misses you.
You claw the komodo dragon!
You kill the komodo dragon!
Trog accepts your kill.
Your Fighting skill gained 4 levels and is now at level 6!
Your Dodging skill gained 4 levels and is now at level 6!
Your Unarmed Combat skill gained 4 levels and is now at level 7!
You have reached level 2!
You have reached level 3!
Your experience leads to an increase in your attributes!
Increase (S)trength, (I)ntelligence, or (D)exterity?
You feel stronger. x3
You have reached level 4!
You have reached level 5!
You mangle the two-headed ogre!!
The two-headed ogre is heavily wounded.
You scratch the two-headed ogre.
The two-headed ogre is severely wounded.
The two-headed ogre misses you.
The two-headed ogre hits you with a +0 giant club!!
* * * LOW HITPOINT WARNING * * *
You barely miss the two-headed ogre.
The two-headed ogre is severely wounded.
You barely miss the two-headed ogre.
The two-headed ogre is severely wounded.
The two-headed ogre hits you with a +0 giant club!
You die...

##########++######
#................#
#......#..#......#
#................+
+................+
#......#..#......#
#................#
####'#####@'######
#.......##'O#
#.......##....
#.......##......
#...<...##.....##
#.......##...###
#.......##..##
#.......##++#
#########


You could see a two-headed ogre.

Vanquished Creatures
  A komodo dragon (D)
1 creature vanquished.

Notes
Turn   | Place    | Note
-------+----------+-------------------------------------------
     0 | D        | sircluck the Troll Berserker began the quest for the Orb.
     0 | D        | Reached XP level 1. HP: 22/22 MP: 0/0
    11 | D        | Noticed a two-headed ogre
    11 | D        | Noticed a komodo dragon
    22 | D        | Killed a komodo dragon
    23 | D        | Reached skill level 7 in Unarmed Combat
    23 | D        | Reached XP level 2. HP: 14/37 MP: 1/1
    23 | D        | Reached XP level 3. HP: 17/45 MP: 2/2
    23 | D        | Reached XP level 4. HP: 20/53 MP: 3/3
    23 | D        | Reached XP level 5. HP: 23/61 MP: 4/4
    24 | D        | HP: 4/91 [two-headed ogre/+0 giant club (21)]
    26 | D        | Slain by a two-headed ogre

Illustrated notes

Levels and vault maps discovered:
D:        pitsprint [storerooms_1, entrance_room_1, metal_vault_4, armoury_2,
          mini_pit_1, grid_room_1, main_hall_1, silver_pit, the_coven_3,
          the_vestibule_1, steel_vault_3, golden_pit, hallway_of_sentries,
          crystal_vault_6, iron_vault_2, final_vault]

Skill      XL: |  1 |
---------------+----+-----
Fighting       | 6 |  6.3
Dodging        | 6 |  6.2
Unarmed Combat | 7 |  7.5

Action                     |  1- 3 |  4- 6 || total
---------------------------+-------+-------++-------
  Melee: Unarmed           |     8 |     4 ||    12
 Invoke: Berserk           |     1 |       ||     1
 Armour: Animal skin       |     4 |     2 ||     6
  Dodge: Dodged            |     6 |     1 ||     7

Table legend: (Time is in decaauts)
 A = Elapsed time spent in this place.
 B = Non-inter-level travel time spent in this place.
 C = Inter-level travel time spent in this place.
 D = Time resting spent in this place.
 E = Time spent auto-exploring this place.
 F = Levels seen in this place.
 G = Mean time per level.
                   A        B        C        D        E       F      G
               +--------+--------+--------+--------+--------+-----+--------+
         Total |     21 |     21 |      0 |      0 |     11 |   1 |   21.0 |
       Dungeon |     21 |     21 |      0 |      0 |     11 |   1 |   21.0 |
               +--------+--------+--------+--------+--------+-----+--------+

Top non-repeatable levels by time:
       D: 21 daAuts
